 Dungeon Crawl Stone Soup version 0.25-a0-317-g5f8687bca5 (webtiles) character file.

Game seed: 316204381795722619, levelgen mode: deterministic

5459 argonath the Cleaver (level 10, -1/91 HPs)
             Began as a Hill Orc Berserker on Dec 25, 2019.
             Was an Elder of Trog.
             Killed by divine providence
             ... invoked by a meliai
             ... summoned by an orange crystal statue
              (10 damage)
             ... on level 10 of the Dungeon.
             The game lasted 00:42:02 (8170 turns).

argonath the Cleaver (Hill Orc Berserker)           Turns: 8170, Time: 00:42:02

Health: -1/91      AC: 27    Str: 24    XL:     10   Next: 68%
Magic:  3/10       EV:  8    Int:  7    God:    Trog [****..]
Gold:   380        SH:  0    Dex: 10    Spells: 9/9 levels left

rFire    . . .     SeeInvis +   V - +2 war axe (elec)
rCold    . . .     Gourm    .   (no shield)
rNeg     . . .     Faith    .   A - +5 plate armour
rPois    .         Spirit   .   (no helmet)
rElec    .         Reflect  .   (no cloak)
rCorr    .         Harm     .   (no gloves)
MR       .....                  a - +2 pair of boots
Stlth    ..........             (no amulet)
HPRegen  0.25/turn              F - ring of see invisible
MPRegen  0.12/turn              J - +5 ring of protection

@: confused, drained
A: no striking features
a: Berserk, Trog's Hand, Brothers in Arms, Renounce Religion


You were on level 10 of the Dungeon.
You worshipped Trog.
Trog was greatly pleased with you.
You were full.

You visited 1 branch of the dungeon, and saw 8 of its levels.

You collected 470 gold pieces.
You spent 90 gold pieces at shops.

Inventory:

Hand Weapons
 l - a +1 vampiric dagger
 V - a +2 war axe of electrocution (weapon)
Missiles
 f - 173 stones
 m - 71 poisoned darts (quivered)
Armour
 a - a +2 pair of boots (worn)
 b - a +0 animal skin
 q - a +0 scale mail
 A - a +5 plate armour (worn)
Jewellery
 d - an uncursed ring of poison resistance
 o - an uncursed ring of flight
 x - an uncursed ring of ice
 y - an uncursed ring of stealth
 F - a ring of see invisible (left hand)
 J - a +5 ring of protection (right hand)
 Q - an uncursed ring of protection from magic {unknown}
Wands
 i - a wand of paralysis (6)
 D - a wand of digging (6)
 K - a wand of acid (22)
 N - a wand of enslavement (9)
Scrolls
 h - a scroll of immolation
 j - 3 scrolls of magic mapping
 r - 6 scrolls of remove curse
 s - a scroll of identify
 t - a scroll of fear
 v - 2 scrolls of amnesia
 w - a scroll of teleportation
 E - a scroll of brand weapon
 G - a scroll of random uselessness
Potions
 e - 2 potions of brilliance {unknown}
 g - a potion of mutation {unknown}
 k - a potion of flight
 n - a potion of curing
 p - a potion of lignification {unknown}
 u - a potion of invisibility {unknown}
 B - a potion of agility {unknown}
 H - a potion of berserk rage {unknown}
 L - a potion of degeneration {unknown}
 O - a potion of heal wounds {unknown}
 S - a potion of magic {unknown}
Comestibles
 c - 10 rations


   Skills:
 + Level 9.3(8.2) Fighting
 + Level 13.5(12.3) Axes
 + Level 9.3(8.2) Armour
 + Level 2.7(1.8) Dodging
 + Level 0.1(0.0) Stealth
 + Level 3.2(2.3) Unarmed Combat


You had 9 spell levels left.
You didn't know any spells.
Your spell library was empty.

Dungeon Overview and Level Annotations

Branches:
Dungeon (10/15)            Temple (0/1) D:7
   Lair: D:8-11         Orc: D:9-12

Altars:
Fedhas
Kikubaaqudgha
Makhleb
Ru
Sif Muna
Yredelemnul

Shops:
D:6 ?

Annotations:
D:10 exclusion: orange crystal statue


Message History

Something smites you!
* * * LOW HITPOINT WARNING * * *
The meliai invokes the aid of its god against you.
Something smites you!
* * * LOW HITPOINT WARNING * * *
The meliai barely misses you. The meliai misses you.
You're too confused!
You're too confused!
The meliai hits you but does no damage.
The meliai stings you but does no damage.
The meliai hits you but does no damage.
The meliai stings you but does no damage.
The meliai hits you but does no damage.
You feel drained.
The meliai stings you but does no damage.
The orange crystal statue glitters.
You are more confused.
The ogre hits you but does no damage.
The meliai calls down the wrath of its god upon you.
Something smites you!
You die...

...#.......#...)..............#
...#.......#............#######
...#.......#............#
...'.......#.######'###.#
...#.......#.#........#.#
####.......#.#........#.#
#..........#.#........#.#
#..........#.#.yO.....#.#
###'###....#.#..@.....#.#
......######...yy.....#.#
..............888Y....#.#
.......#'##..)888}....#.#
...#####..#..(888).$..#.#
...'......#...[)%.....+.#
...#......#..#........#.#
...#......#..#........#.#
...#......#..###......#.#


You could see an orange crystal statue, an ice beast, an ogre and 3 meliai.

Vanquished Creatures
  3 two-headed ogres (D:10)
  2 centaur zombies (D:10)
  Prince Ribbit (D:7)
  A hippogriff (D:7)
  Eustachio (D:5)
  4 yaks
  Duvessa (D:7)
  2 phantoms
  4 ogres
  A sky beast (D:10)
  A centaur (D:5)
  A big kobold (D:10)
  3 bullfrogs
  Dowan (D:7)
  A water moccasin zombie (D:10)
  A wyvern skeleton (D:7)
  4 scorpions
  A howler monkey (D:10)
  An electric eel (D:10)
  2 crimson imps
  A hound (D:7)
  3 jellies
  2 orc priests (D:7)
  A bullfrog skeleton (D:6)
  5 worker ants
  A killer bee zombie (D:4)
  A hound skeleton (D:4)
  9 adders
  4 gnolls (D:6)
  2 shadow imps
  An adder skeleton (D:6)
  3 dart slugs
  3 worms (D:3)
  2 leopard geckos
  7 orcs
  3 ball pythons
  3 giant cockroaches
  8 goblins
  6 hobgoblins
  13 jackals
  9 kobolds
  2 quokkas
  12 bats
  4 frilled lizards
  A giant cockroach zombie (D:5)
  2 jackal skeletons
  A leopard gecko skeleton (D:6)
  A leopard gecko zombie (D:6)
  12 rats
158 creatures vanquished.

Vanquished Creatures (others)
  An adder (D:10)
1 creature vanquished.

Grand Total: 159 creatures vanquished

Notes
Turn   | Place    | Note
-------+----------+-------------------------------------------
     0 | D:1      | argonath the Hill Orc Berserker began the quest for the
                  | Orb.
     0 | D:1      | Reached XP level 1. HP: 19/19 MP: 1/1
   107 | D:1      | Reached XP level 2. HP: 11/27 MP: 2/2
   445 | D:1      | Reached ** piety under Trog
   612 | D:1      | Reached XP level 3. HP: 33/33 MP: 3/3
   744 | D:2      | Found an ancient bone altar of Kikubaaqudgha.
   744 | D:2      | Found a blossoming altar of Fedhas.
   760 | D:2      | Found a basalt altar of Yredelemnul.
  1425 | D:3      | Reached skill level 5 in Axes
  1492 | D:3      | Reached XP level 4. HP: 33/41 MP: 4/4
  2266 | D:3      | Found a burning altar of Makhleb.
  2382 | D:3      | Reached *** piety under Trog
  2605 | D:4      | Reached skill level 6 in Axes
  2605 | D:4      | Reached XP level 5. HP: 44/47 MP: 5/5
  2701 | D:4      | Found a sacrificial altar of Ru.
  2791 | D:4      | Noticed an ogre
  2805 | D:4      | Killed an ogre
  2805 | D:4      | Reached XP level 6. HP: 50/55 MP: 6/6
  3251 | D:5      | Entered Level 5 of the Dungeon
  3307 | D:5      | Reached skill level 5 in Fighting
  3307 | D:5      | Reached skill level 7 in Axes
  3915 | D:5      | Noticed Eustachio
  4012 | D:5      | Killed Eustachio
  4012 | D:5      | Reached XP level 7. HP: 24/61 MP: 7/7
  4184 | D:5      | Reached skill level 8 in Axes
  4636 | D:6      | Noticed a yak
  4644 | D:6      | Noticed a yak
  4647 | D:6      | Noticed a yak
  4648 | D:6      | Noticed a yak
  4670 | D:5      | Killed a yak
  4670 | D:5      | Reached skill level 5 in Armour
  4882 | D:5      | Killed a yak
  4882 | D:5      | Reached skill level 9 in Axes
  4882 | D:5      | Reached XP level 8. HP: 18/70 MP: 8/8
  5136 | D:6      | Killed a yak
  5148 | D:6      | Killed a yak
  5354 | D:6      | Found Dujani Doit's Magic Scroll Shoppe.
  5378 | D:6      | Bought a scroll of identify for 30 gold pieces
  5378 | D:6      | Bought a scroll of identify for 30 gold pieces
  5378 | D:6      | Bought a scroll of identify for 30 gold pieces
  5469 | D:6      | Reached skill level 10 in Axes
  5807 | D:7      | Reached XP level 9. HP: 70/79 MP: 9/9
  5875 | D:7      | Found a staircase to the Ecumenical Temple.
  5991 | D:7      | Noticed Duvessa
  5992 | D:7      | Noticed Dowan
  6006 | D:7      | Killed Duvessa
  6006 | D:7      | Reached skill level 11 in Axes
  6017 | D:7      | Killed Dowan
  6072 | D:7      | Reached skill level 1 in Unarmed Combat
  6317 | D:7      | Noticed Prince Ribbit
  6324 | D:7      | Killed Prince Ribbit
  6324 | D:7      | Reached **** piety under Trog
  6394 | D:7      | Found a shimmering blue altar of Sif Muna.
  6435 | D:7      | You fall into a shaft and drop 3 floors!
  6435 | D:10     | Entered Level 10 of the Dungeon
  6504 | D:10     | Noticed an orange crystal statue
  6849 | D:10     | Reached skill level 12 in Axes
  6851 | D:10     | Reached XP level 10. HP: 89/89 MP: 10/10
  6866 | D:10     | Noticed a two-headed ogre
  6872 | D:10     | Killed a two-headed ogre
  7077 | D:10     | Noticed a two-headed ogre
  7092 | D:10     | Killed a two-headed ogre
  7092 | D:10     | Reached skill level 13 in Axes
  7166 | D:10     | Noticed a two-headed ogre
  7174 | D:10     | Killed a two-headed ogre
  7630 | D:10     | Noticed a catoblepas
  8170 | D:10     | Killed from afar by a meliai

Levels and vault maps discovered:
D:1:      ncdulo_watergridlock, layout_rooms, dk_noncrumbling_3,
          minmay_tiny_reverse_x
D:2:      layout_loops_ring, grunt_temple_overflow_growth_and_decay,
          lemuel_crystal_altar
D:3:      layout_loops_corners, bloody_makhleb
D:4:      layout_loops_ring, chequers_serial_rivers_large_b,
          nicolae_ru_awakened_eye
D:5:      layout_loops_corners, first_ration, uniq_eustachio
D:6:      layout_rooms, gup_sewer_entry_bowl,
          hangedman_abyss_or_decor_jellyfish_corner, kennysheep_windowed_goal
D:7:      layout_cave_pools, kennysheep_mini, minmay_temple_entry_proselytizer,
          serial_shops, shop, uniq_prince_ribbit1, uniq_duvessa
D:10:     statuecave_lemuel, layout_irregular_city, minmay_protected_statue

Skill      XL: |  1  2  3  4  5  6  7  8  9 10 |
---------------+-------------------------------+-----
Fighting       | 4 5 6 7 8 9 |  9.3
Axes           | 5 6 7 9 10 12 13 | 13.5
Armour         | 3 4 5 7 8 9 |  9.3
Dodging        | 2 |  2.7
Unarmed Combat | 2 3 |  3.2
Stealth        | |  0.1

Action                   |  1- 3 |  4- 6 |  7- 9 | 10-12 || total
-------------------------+-------+-------+-------+-------++-------
Melee: Hand axe          |   124 |   251 |   122 |       ||   497
       War axe           |       |       |   196 |   118 ||   314
       Unarmed           |       |       |    25 |       ||    25
       Punch             |       |       |     2 |     1 ||     3
Throw: Dart              |       |       |       |     9 ||     9
Invok: Trog's Hand       |       |     2 |     4 |       ||     6
       Berserk           |       |     1 |     9 |     2 ||    12
  Use: Scroll            |     4 |     5 |     9 |     3 ||    21
       Potion            |       |     1 |       |     1 ||     2
  Eat: Chunk             |     2 |     5 |    14 |       ||    21
       Ration            |       |     2 |     1 |     3 ||     6
Armor: Animal skin       |     9 |       |       |       ||     9
       Chain mail        |    47 |    85 |       |       ||   132
       Plate armour      |       |    75 |   160 |   118 ||   353
Dodge: Dodged            |    74 |   107 |   111 |    60 ||   352

Table legend:
 A = Non-vault XP
 B = Vault XP
 C = Vault XP percentage of total XP
 D = Non-vault monster count
 E = Vault monster count
 F = Vault count percentage of total count
                 A         B        C        D         E       F
            +---------+---------+-------+---------+---------+-------
      Total |    6935 |     864 |  11.1 |     146 |      12 |   7.6
            +---------+---------+-------+---------+---------+-------
        D:1 |      36 |       3 |   7.7 |      21 |       2 |   8.7
        D:2 |      27 |       0 |   0.0 |       9 |       0 |   0.0
        D:3 |      87 |       0 |   0.0 |      29 |       0 |   0.0
        D:4 |     180 |       0 |   0.0 |       7 |       0 |   0.0
        D:5 |     803 |     208 |  20.6 |      18 |       1 |   5.3
        D:6 |     701 |     126 |  15.2 |      17 |       5 |  22.7
        D:7 |     965 |     527 |  35.3 |      24 |       4 |  14.3
       D:10 |    4136 |       0 |   0.0 |      21 |       0 |   0.0
            +---------+---------+-------+---------+---------+-------
